cohdb
Replays
Latest Replays
All Replays
Popular Replays
Top Player Replays
Match Explorer
How It Works
Community
CoH3 Stats
Reddit
Sign in to upload your games and track your stats! →
Sign in with Steam
Match 46465053
Unlisted
Match 46465053
Overview
Messages
Build Orders
End
Panzergrenadier Squad
Selects Armored Support Battlegroup
Selects Armored Support Battlegroup
Selects Armored Support Battlegroup
250 Light Carrier
Panzergrenadier Squad
Panzergrenadier Squad
Construct Light Support Kompanie
Combat Half-tracks
Fire Support Elements
Panzerjäger Mechanized Group
Selects Veteran Gunners
Selects Salvage Kits
2.5-tonne Medical Truck
Pak 38 Anti-tank Gun Team
/\/\au5er
Manuel
max10r
Lyntune
Stormless
Grunka Lunka
0
0
Comments
sign in to comment!
No comments posted yet!